 Dungeon Crawl Stone Soup version 0.21.1-1-g345015f (webtiles) character file.

55909 infcreate the Severer (level 14, 0/129 HPs)
             Began as a Minotaur Fighter on May 16, 2018.
             Was a High Priest of Trog.
             Slain by an anaconda (2 damage)
             ... on level 1 of the Snake Pit.
             The game lasted 01:31:05 (17309 turns).

infcreate the Severer (Minotaur Fighter)           Turns: 17309, Time: 01:31:06

Health: 0/129      AC: 19    Str: 28    XL:     14   Next: 40%
Magic:  0/7        EV:  6    Int:  5    God:    Trog [*****.]
Gold:   1021       SH: 15    Dex: 11    Spells: 13/13 levels left

rFire    + . .     SeeInvis .   O - +4 war axe (antimagic)
rCold    + . .     Gourm    .   j - +2 shield
rNeg     . . .     Faith    .   N - +2 plate armour {rF+}
rPois    .         Spirit   +   (helmet restricted)
rElec    .         Reflect  .   (no cloak)
rCorr    .         Harm     .   (no gloves)
MR       +++..     Clarity  +   I - +0 pair of boots {Fly}
Stlth    ..........             u - amulet of guardian spirit
HPRegen  1.31/turn              n - +3 ring of strength
MPRegen  0.10/turn              H - ring of magical power

@: berserk cooldown, regenerating, slowed, constricted, very slow
A: retaliatory headbutt, horns 2, clarity, cold resistance 1
a: Berserk, Trog's Hand, Brothers in Arms, Burn Spellbooks, Renounce Religion,
Evoke Flight


You were on level 1 of the Snake Pit.
You worshipped Trog.
Trog was extremely pleased with you.
You were near starving.

You visited 4 branches of the dungeon, and saw 18 of its levels.

You collected 1168 gold pieces.
You spent 147 gold pieces at shops.

Inventory:

Hand Weapons
 K - a +2 broad axe of electrocution
 O - a +4 antimagic war axe (weapon)
Armour
 j - a +2 shield (worn)
 I - a +0 pair of boots of flying (worn)
 N - a +2 plate armour of fire resistance (worn)
Jewellery
 n - a +3 ring of strength (left hand)
 u - an amulet of guardian spirit (around neck)
 C - an uncursed ring of protection from cold
 H - a ring of magical power (right hand)
Wands
 y - a wand of digging (30)
 J - a wand of iceblast (10)
Scrolls
 g - 3 scrolls of blinking
 h - a scroll of torment {unknown}
 i - 3 scrolls of immolation
 l - 3 scrolls of identify
 m - 7 scrolls of remove curse
 o - 9 scrolls of magic mapping
 p - 3 scrolls of fear
 t - 3 scrolls of fog
 z - 4 scrolls of teleportation
 B - 3 scrolls of enchant armour
 D - a scroll of summoning
 L - a scroll of vulnerability {unknown}
 M - 3 scrolls of silence
Potions
 a - a potion of berserk rage
 b - 2 potions of mutation
 d - 2 potions of might
 e - 7 potions of brilliance
 k - a potion of heal wounds
 q - a potion of agility
 r - a potion of lignification
 s - a potion of magic
 v - a potion of flight
 w - a potion of ambrosia
 x - 5 potions of resistance
 A - 2 potions of degeneration
 E - a potion of invisibility
 F - 2 potions of curing
 G - 2 potions of haste
Comestibles
 f - 26 rations


   Skills:
 + Level 13.3 Fighting
 + Level 18.6 Axes
 + Level 13.8 Armour
 + Level 4.7 Dodging
 + Level 12.5 Shields


You had 13 spell levels left.
You didn't know any spells.

Dungeon Overview and Level Annotations

Branches:
Dungeon (10/15)            Temple (1/1) D:5            Lair (6/6) D:10
  Swamp (0/4) Lair:4        Snake (1/4) Lair:3        Slime (0/5) Lair:6
    Orc (0/2) D:9

Altars:
Ashenzari
Cheibriados
Fedhas
Hepliaklqana
Kikubaaqudgha
Makhleb
Okawaru
Sif Muna
Trog
Uskayaw
Vehumet
Wu Jian
Xom
Zin
The Shining One
Jiyva

Shops:
D:4 *   D:9 (

Annotations:
D:5 Jessica
D:8 exclusion: ice statue
D:9 2 transporters
Lair:5 exclusion: 3 oklob plants


Innate Abilities, Weirdness & Mutations

You reflexively headbutt those who attack you in melee.
You have a pair of horns on your head.
You possess an exceptional clarity of mind.
Your flesh is cold resistant. (rC+)


Message History

Your troll claws the anaconda.
The anaconda grabs you. You block the anaconda's attack.
The anaconda constricts you.
The anaconda loses its grip on your troll.
The anaconda grabs your troll. The anaconda bites your troll!!
Your troll dies!
Your troll's corpse disappears in a puff of smoke!
The anaconda bites you but does no damage. x2
* * * LOW HITPOINT WARNING * * *
The anaconda constricts you. You block the anaconda's attack.
The anaconda bites you!
* * * LOW HITPOINT WARNING * * *
The anaconda's grasp on you weakens, but your attempt to escape fails.
The anaconda bites you!
* * * LOW HITPOINT WARNING * * *
x2 The anaconda constricts you.
You block the anaconda's attack. x2
The anaconda constricts you. The anaconda bites you!
* * * LOW HITPOINT WARNING * * *
The anaconda bites you but does no damage.
The anaconda bites you.
You die...

##.### ##.# ##...........### ###
##.# ########.#### ########.##
### ##....#..## ###...######
##...## ###### ### ).....##
##.SSS######SS$. ...##..##
#######SSS#.(SSSSS.S..
..####..###..(..@SS##SSSSSS..SS.
.## ##.....##..SS..#SSSSS.S$...
## ##...####..##.########....
#..## ##.# #.# ### ....# #.# #..
#.....# #.# #.. ##....# #.# #..
#...... #.# .# .......


You could see 5 anacondas and 5 black mambas.

Vanquished Creatures
  Rupert (Lair:6)
  A dire elephant (Lair:6)
  2 naga warriors (Snake:1)
  Harold (D:10)
  4 hydras
  4 catoblepae
  3 two-headed ogres
  5 anacondas (Snake:1)
  3 death yaks (Lair:6)
  A deep troll shaman (Lair:6)
  A shock serpent (Snake:1)
  3 naga sharpshooters (Snake:1)
  A fire crab (Lair:6)
  The ghost of RudyRod the Covert, a novice OpAs of Okawaru (D:7)
  A mana viper (Snake:1)
  An oklob plant (Lair:6)
  4 black mambas
  14 elephants
  A guardian serpent (Lair:3)
  A gargoyle (D:7)
  6 komodo dragons
  6 rime drakes
  10 spiny frogs
  The ghost of cultivahabas the Ruffian, an amateur TrMo of Nemelex Xobeh (D:5)
  3 polar bears
  Grinder (D:3)
  21 blink frogs
  A hornet (D:9)
  6 dream sheep (Lair:5)
  7 hippogriffs
  2 wyverns
  16 yaks
  3 basilisks
  2 hungry ghosts
  6 nagas (Snake:1)
  7 water moccasins
  11 porcupines
  2 ice beasts
  5 orc warriors
  6 sky beasts
  5 black bears
  4 ogres
  2 phantoms
  23 wolves
  2 centaurs
  12 crocodiles
  A gnoll sergeant (D:9)
  14 bullfrogs
  A wyvern skeleton (D:10)
  4 scorpions
  A water moccasin skeleton (D:9)
  3 wights (D:10)
  A howler monkey (D:6)
  3 crimson imps
  7 jellies
  A bullfrog skeleton (D:5)
  3 orc priests
  3 hounds
  11 orc wizards
  5 iguanas
  Natasha (D:3)
  9 worker ants
  6 gnolls
  6 adders
  A shadow imp (D:8)
  6 oozes
  2 adder skeletons
  A worm (D:4)
  6 leopard geckos
  35 orcs
  2 ball pythons
  4 giant cockroaches
  5 goblins
  A hobgoblin (D:2)
  8 jackals
  5 kobolds
  A quokka (D:9)
  8 bats
  2 frilled lizards
  A jackal skeleton (D:4)
  2 leopard gecko skeletons (D:5)
  2 quokka skeletons (D:5)
  A quokka zombie (D:9)
  3 rats
  6 fungi
  3 plants (Lair:6)
408 creatures vanquished.

Vanquished Creatures (others)
  A bush (D:10)
  A fungus (D:10)
  6 plants
8 creatures vanquished.

Grand Total: 416 creatures vanquished

Notes
Turn   | Place    | Note
-------+----------+-------------------------------------------
     0 | D:1      | infcreate the Minotaur Fighter began the quest for the Orb.
     0 | D:1      | Reached XP level 1. HP: 19/19 MP: 0/0
   561 | D:1      | Reached XP level 2. HP: 27/27 MP: 1/1
  1600 | D:3      | Reached XP level 3. HP: 27/33 MP: 2/2
  1630 | D:3      | Noticed Natasha
  1633 | D:3      | Killed Natasha
  1633 | D:3      | Reached skill level 3 in Axes
  1668 | D:3      | Noticed Grinder
  1671 | D:3      | Paralysed by Grinder for 3 turns
  1982 | D:3      | Killed Grinder
  1982 | D:3      | Reached skill level 5 in Axes
  1982 | D:3      | Reached skill level 1 in Dodging
  1982 | D:3      | Reached XP level 4. HP: 25/41 MP: 3/3
  1982 | D:3      | Reached XP level 5. HP: 29/47 MP: 4/4
  2168 | D:3      | Reached XP level 6. HP: 43/53 MP: 5/5
  2321 | D:4      | Reached skill level 5 in Armour
  2494 | D:4      | Found Kiabal's General Store.
  2695 | D:4      | Reached skill level 6 in Axes
  2695 | D:4      | Reached skill level 5 in Shields
  2696 | D:4      | Reached XP level 7. HP: 45/60 MP: 6/6
  2896 | D:5      | Entered Level 5 of the Dungeon
  3174 | D:5      | Reached skill level 5 in Fighting
  3266 | D:5      | Noticed cultivahabas's ghost (amateur TrMo)
  3282 | D:5      | Killed cultivahabas's ghost
  3282 | D:5      | Reached skill level 7 in Axes
  3511 | D:5      | Found a staircase to the Ecumenical Temple.
  3521 | Temple   | Entered the Ecumenical Temple
  3535 | Temple   | Became a worshipper of Trog the Wrathful
  3562 | D:5      | Reached XP level 8. HP: 59/69 MP: 7/7
  3687 | D:5      | Noticed Jessica
  3695 | D:5      | Found a deep blue altar of Sif Muna.
  3923 | D:6      | Reached skill level 8 in Axes
  4333 | D:6      | Found a blossoming altar of Fedhas.
  4351 | D:6      | Reached * piety under Trog
  4596 | D:6      | Found a glowing silver altar of Zin.
  5173 | D:7      | Noticed RudyRod's ghost (novice OpAs)
  5195 | D:7      | Killed RudyRod's ghost
  5195 | D:7      | Reached skill level 9 in Axes
  5195 | D:7      | Reached XP level 9. HP: 42/78 MP: 8/8
  5424 | D:7      | Noticed a two-headed ogre
  5427 | D:7      | Noticed a two-headed ogre
  5427 | D:7      | Noticed a gargoyle
  5789 | D:7      | Killed a two-headed ogre
  5789 | D:7      | Reached skill level 10 in Axes
  5800 | D:7      | Killed a gargoyle
  5886 | D:7      | Killed a two-headed ogre
  5886 | D:7      | Reached skill level 11 in Axes
  5886 | D:7      | Reached XP level 10. HP: 70/86 MP: 9/9
  6363 | D:8      | Reached skill level 10 in Armour
  6382 | D:8      | Noticed an ice statue
  7646 | D:8      | Gained mutation: You possess an exceptional clarity of mind. [potion of mutation]
  7646 | D:8      | Gained mutation: Your flesh is cold resistant. (rC+) [potion of mutation]
  7658 | D:8      | HP: 3/88 [ice beast[an ice statue] (7)]
  8049 | D:9      | Noticed a fire crab
  8063 | D:9      | Reached ** piety under Trog
  8065 | D:9      | Found a staircase to the Orcish Mines.
  8122 | D:9      | Paralysed by a hornet for 3 turns
  8129 | D:9      | Paralysed by a hornet for 2 turns
  8383 | D:9      | Found a transporter.
  8390 | D:9      | Found a transporter.
  8630 | D:9      | Noticed a two-headed ogre
  8635 | D:9      | Killed a two-headed ogre
  8635 | D:9      | Reached skill level 12 in Axes
  8895 | D:9      | Found Inalu's Antique Weapon Shoppe.
  8911 | D:9      | Bought a glowing broad axe for 147 gold pieces
  9364 | D:10     | Entered Level 10 of the Dungeon
  9364 | D:10     | Found a radiant altar of Vehumet.
  9405 | D:10     | Noticed Harold
  9413 | D:10     | Reached *** piety under Trog
  9425 | D:10     | Killed Harold
  9731 | D:10     | Reached XP level 11. HP: 90/95 MP: 10/10
  9751 | D:10     | Reached skill level 13 in Axes
 10031 | D:10     | Found a staircase to the Lair.
 10737 | D:10     | Reached **** piety under Trog
 10847 | Lair:1   | Entered Level 1 of the Lair of Beasts
 10954 | Lair:1   | Received a gift from Trog
 11337 | Lair:1   | Found a deep blue altar of Sif Muna.
 11459 | Lair:2   | Reached skill level 14 in Axes
 11655 | Lair:2   | Reached skill level 10 in Shields
 11702 | Lair:2   | Noticed a catoblepas
 11708 | Lair:2   | Noticed a four-headed hydra
 11718 | Lair:2   | Killed a catoblepas
 11724 | Lair:2   | Killed a nine-headed hydra
 11975 | Lair:2   | Reached XP level 12. HP: 81/105 MP: 11/11
 12369 | Lair:3   | Reached skill level 15 in Axes
 12558 | Lair:3   | Found a snail-covered altar of Cheibriados.
 12596 | Lair:3   | Found a staircase to the Snake Pit.
 12602 | Lair:3   | Reached ***** piety under Trog
 12602 | Lair:3   | Reached skill level 10 in Fighting
 13150 | Lair:4   | Found a staircase to the Swamp.
 13161 | Lair:4   | Noticed a seven-headed hydra
 13168 | Lair:4   | Killed an 11-headed hydra
 13525 | Lair:4   | Reached skill level 16 in Axes
 13797 | Lair:4   | Found the +2 cloak of the Thief {+Fog Slay-2 SInv Stlth+}
 13817 | Lair:4   | Reached XP level 13. HP: 116/116 MP: 12/12
 14474 | Lair:5   | Got a shimmering scale mail
 14475 | Lair:5   | Identified the +4 scale mail of Courage {+Fly rC+} (You found it on level 5 of the Lair of Beasts)
 14506 | Lair:5   | Received a gift from Trog
 14827 | Lair:6   | Entered Level 6 of the Lair of Beasts
 14877 | Lair:6   | Reached skill level 17 in Axes
 14989 | Lair:6   | Found a staircase to the Slime Pits.
 14989 | Lair:6   | Found a viscous altar of Jiyva.
 15217 | Lair:6   | Noticed Rupert
 15239 | Lair:6   | Killed Rupert
 15322 | Lair:6   | Reached skill level 18 in Axes
 15443 | Lair:6   | Noticed a dire elephant
 15456 | Lair:6   | Killed a dire elephant
 15456 | Lair:6   | Reached XP level 14. HP: 86/127 MP: 13/13
 15892 | Snake:1  | Entered Level 1 of the Snake Pit
 16469 | Snake:1  | Received a gift from Trog
 17230 | Snake:1  | Found a runed gate.
 17230 | Snake:1  | Found a runed gate.
 17230 | Snake:1  | Found a runed gate.
 17309 | Snake:1  | HP: 2/129 [anaconda (9)]
 17309 | Snake:1  | Slain by an anaconda

Skill      XL: |  1  2  3  4  5  6  7  8  9 10 11 12 13 14 |
---------------+-------------------------------------------+-----
Fighting       | 4 5 6 7 8 9 11 12 13 | 13.3
Armour         | 4 5 6 7 9 10 11 12 13 | 13.8
Shields        | 4 5 6 7 8 10 11 12 | 12.5
Axes           | 5 6 7 9 11 12 14 16 18 | 18.6
Dodging        | 1 2 3 4 |  4.7

Action                   |  1- 3 |  4- 6 |  7- 9 | 10-12 | 13-15 || total
-------------------------+-------+-------+-------+-------+-------++-------
Melee: War axe           |    61 |    68 |   200 |   204 |    41 ||   574
       Headbutt          |     6 |     9 |    46 |   134 |    82 ||   277
       Broad axe         |       |       |       |   415 |   282 ||   697
Invok: Berserk           |       |       |     3 |     4 |     4 ||    11
       Burn Spellbooks   |       |       |     1 |     3 |     1 ||     5
       Trog's Hand       |       |       |       |       |     1 ||     1
       Brothers in Arms  |       |       |       |       |     1 ||     1
 Abil: Stop Flying       |       |       |       |     1 |       ||     1
  Use: Scroll            |       |       |     7 |    19 |     5 ||    31
       Potion            |       |       |     1 |     9 |       ||    10
 Stab: Petrified         |       |       |       |     4 |       ||     4
  Eat: Chunk             |     3 |     3 |     2 |    21 |     7 ||    36
       Ration            |       |       |     4 |     4 |     2 ||    10
Armor: Scale mail        |    32 |    22 |    48 |       |       ||   102
       Plate armour      |       |       |       |   340 |   124 ||   464
Dodge: Dodged            |    25 |    23 |    55 |   159 |    79 ||   341
Block: Shield            |    30 |    37 |    82 |   321 |   177 ||   647
